 Dungeon Crawl Stone Soup version 0.26-a0-712-ga5a9c9c9d0 (webtiles) character file.

Game seed: 7125215849771688310

19597 mandarbmax the Spry (level 12, -12/51 HPs)
             Began as a Felid Venom Mage on Oct 31, 2020.
             Was a High Priest of Kikubaaqudgha.
             Killed from afar by a hell hound (23 damage)
             ... with a blast of flame
             ... in a Gauntlet on Nov 1, 2020.
             The game lasted 01:23:54 (28129 turns).

mandarbmax the Spry (Felid Venom Mage)             Turns: 28129, Time: 01:23:54

Health: -12/51     AC:  7    Str:  4    XL:     12   Next: 37%
Magic:  0/26       EV: 32    Int: 19    God:    Kikubaaqudgha [*****.]
Gold:   459        SH:  0    Dex: 19    Spells: 0/29 levels left
                                        Lives:  0   Deaths: 3

rFire    . . .     SeeInvis +     - Unarmed
rCold    + . .     Faith    .   (shield unavailable)
rNeg     . . .     Spirit   +   (armour unavailable)
rPois    .         Reflect  .   (helmet unavailable)
rElec    .         Harm     .   (cloak unavailable)
rCorr    .         Rampage  .   (gloves unavailable)
MR       +....     NoTele   +   (boots unavailable)
Stlth    ++++......             z - amulet of guardian spirit
HPRegen  0.17/turn              v - ring of wizardry
MPRegen  0.20/turn              m - +4 ring of protection

@: very slightly contaminated, invisible, quick
A: very small, no armour, no weapons or thrown items, stealth, claws 1, fangs 3,
see invisible, speed 1, shaggy fur 3, sharp paws
a: Receive Corpses, Torment, Renounce Religion


You were in a Gauntlet.
You worshipped Kikubaaqudgha.
Kikubaaqudgha was extremely pleased with you.
You visited 3 branches of the dungeon, and saw 16 of its levels.
You also visited: Gauntlet.

You collected 1734 gold pieces.
You spent 1275 gold pieces at shops.

Inventory:

Jewellery
 m - a +4 ring of protection (right paw)
 p - an uncursed ring of fire
 r - an uncursed ring of resist corrosion
 v - a ring of wizardry (left paw)
 z - an amulet of guardian spirit (around neck)
 A - a +6 ring of dexterity
Wands
 n - a wand of iceblast (16)
 s - a wand of random effects (38)
 x - a wand of paralysis (6)
 y - a wand of acid (11)
 B - a wand of flame (18)
Scrolls
 b - a scroll of blinking
 e - 5 scrolls of remove curse
 o - 3 scrolls of teleportation
 q - 3 scrolls of amnesia
 D - a scroll of fear
 E - a scroll of summoning
Potions
 a - 2 potions of stabbing
 c - 4 potions of lignification
 d - 6 potions of haste {unknown}
 f - 5 potions of curing
 h - 3 potions of resistance {unknown}
 j - 2 potions of berserk rage {unknown}
 k - a potion of might
 l - a potion of brilliance
 u - a potion of magic {unknown}
 w - 3 potions of mutation {unknown}
 C - a potion of flight {unknown}
Miscellaneous
 g - a condenser vane (2/2)
 t - a phantom mirror


   Skills:
 + Level 5.4 Fighting
 - Level 15.0 Dodging
 - Level 6.0 Stealth
 - Level 4.0 Unarmed Combat
 - Level 9.0 Spellcasting
 - Level 12.0 Necromancy
 - Level 1.1 Transmutations
 - Level 2.0 Air Magic
 - Level 7.0 Poison Magic
 - Level 4.0 Evocations


You couldn't memorise any spells.
You knew the following spells:

 Your Spells              Type           Power        Failure   Level
a - Corpse Rot            Necr/Air       N/A          1%          2
b - Poisonous Vapours     Pois/Air       ####..       1%          2
c - Mephitic Cloud        Conj/Pois/Air  ###.....     2%          3
d - Ignite Poison         Fire/Tmut/Pois ###.....     3%          3
e - Olgreb's Toxic Radia  Pois           #####...     1%          4
f - Death Channel         Necr           ######....   3%          6
g - Agony                 Necr           ######..     1%          5
z - Animate Dead          Necr           ######....   1%          4

Your spell library contained the following spells:

 Spells                   Type           Power        Failure   Level
 Animate Skeleton         Necr           ######       1%          1
 Pain                     Necr           ####         1%          1
 Sting                    Tmut/Pois      ###.         1%          1
 Sublimation of Blood     Necr           ######....   1%          2
 Vampiric Draining        Necr           ######....   1%          3
 Dispel Undead            Necr           ######..     1%          4
 Corona                   Hex            #......      3%          1
 Sandblast                Erth           #.....       3%          1
 Ensorcelled Hibernation  Hex/Ice        #.....       4%          2
 Passwall                 Tmut/Erth      ##......     4%          2
 Slow                     Hex            #.......     4%          2
 Borgnjor's Vile Clutch   Necr/Erth      ####......   8%          5
 Confusing Touch          Hex            #.......     10%         3
 Dazzling Flash           Conj/Hex       #.....       10%         3
 Inner Flame              Hex/Fire       #.......     10%         3
 Stone Arrow              Conj/Erth      #.....       10%         3
 Tukima's Dance           Hex            #.......     10%         3
 Cause Fear               Hex            #.........   32%         4
 Leda's Liquefaction      Hex/Erth       #.........   32%         4
 Yara's Violent Unravell  Hex/Tmut       ##........   56%         5
 Summon Forest            Summ/Tloc      #.........   63%         5
 Eringya's Noxious Bog    Tmut/Pois      ###.......   65%         6
 Hydra Form               Tmut           ##........   95%         6
 Statue Form              Tmut/Erth      ##.......    98%         6
 Invisibility             Hex            #.......     99%         6
 Summon Hydra             Summ           #.........   100%        7
 Excruciating Wounds      Necr           Unusable     N/A         5
 Portal Projectile        Hex/Tloc       Unusable     N/A         3

Dungeon Overview and Level Annotations

Branches:
Dungeon (13/15)            Temple (0/1) D:5            Lair (1/6) D:11
    Orc (2/2) D:11            Elf (0/3) Orc:2       Gauntlet (1/1)
 Vaults: D:13-14

Altars:
Ashenzari
Cheibriados
Dithmenos
Elyvilon
Fedhas
Kikubaaqudgha
Nemelex Xobeh
Okawaru
Sif Muna
Uskayaw
Wu Jian
Yredelemnul
Zin

Shops:
Orc:1 (   Orc:2 }:(:

Annotations:
Gauntlet 9 transporters, 3 runed translucent doors


Innate Abilities, Weirdness & Mutations

You cannot wear armour.
You are incapable of wielding weapons or throwing items.
Your paws allow you to move quietly. (Stealth)
You have sharp claws.
You have razor-sharp teeth.
You have supernaturally acute eyesight. (SInv)
You cover ground quickly.
Your thick and shaggy fur keeps you warm. (AC +3, rC+)
Your sharp claws are effective at attacking unaware monsters.


Message History

The hell hound misses you. The fire bat completely misses you.
You feel much better.
Your toxic aura wanes.
You kill the fire bat!
Kikubaaqudgha accepts your kill. The fire bat completely misses you.
The hell hog completely misses you.
The hell hound pauses to sniff the ground.
The hell hound bites you but does no damage.
The hell hog completely misses you. The hell hound completely misses you.
The hell hog breathes fire past the hell hound.
The fireball explodes!
The fireball engulfs the hell hound.
The hell hound completely resists.
The fireball engulfs the fire bat.
The fire bat completely resists.
The fireball engulfs the hell hog.
The hell hog resists.
The fireball engulfs you!!
* * * LOW HITPOINT WARNING * * *
The hell hound breathes flames at you.
The blast of flame hits the fire bat.
The fire bat completely resists.
The blast of flame hits you!!
You die...
Kikubaaqudgha rasps: "You have failed me!
Welcome... death!"

##≈###..#...x.Xx#.≈##
#≈≈≈#...#########.≈≈#
#...#...#8..©#....≈##
#...#.8.#©...#.8..##
.##.8.#.⌠.#8..©#....≈##
....©.#.8.#########.≈≈#
.##.8.#...#.![©...#.≈##
#.©.#...#.#...#.#.##
.##.8.#.8.#.#hb@#.#.≈##
....©.#.∩.#.##©##.#.≈≈#
.##.8.#.8.#..#h#..#.≈##
#.©.#...####h####.##
.##.8.#...#.......#.≈##
....©.#.8.#########.≈≈#
.##.8.#.⌠.#8..©#....≈##
#...#.8.#©...#.8..##
#...#...#8..©#....≈##


You could see a hell hog (wandering, very poisoned, catching breath), 2 hell
hounds and a fire bat (very poisoned).

Vanquished Creatures
  Gastronok (D:8)
  Fannar (D:12)
  3 two-headed ogres
  A tengu warrior (Gauntlet)
  4 orc knights
  An ugly thing (D:12)
  A moth of wrath (Gauntlet)
  Maurice (D:8)
  A manticore (D:12)
  A gargoyle (D:10)
  A komodo dragon (D:12)
  A kobold demonologist (D:11)
  2 tengu conjurers (Gauntlet)
  6 trolls
  A hornet (D:12)
  Prince Ribbit (D:7)
  5 slime creatures (D:12)
  A water elemental (D:13)
  A spriggan (D:9)
  Sigmund (D:3)
  A shadow (D:12)
  Eustachio (D:5)
  Grum (D:8)
  8 yaks
  2 fire bats (Gauntlet)
  2 steam dragons
  A soldier ant (shapeshifter) (D:12)
  A warg (Orc:2)
  3 water moccasins
  38 orc warriors
  A black bear (D:9)
  4 ice beasts
  11 ogres
  A necrophage (D:7)
  2 sky beasts
  9 wolves
  18 centaurs
  A big kobold (D:12)
  A wyvern zombie (D:7)
  10 bullfrogs
  2 gnoll sergeants
  A water moccasin skeleton (D:7)
  3 scorpions
  12 killer bees
  5 wights
  5 howler monkeys
  An electric eel (D:11)
  4 centaur zombies
  A quasit (D:5)
  4 hounds
  A bullfrog zombie (D:5)
  5 jellies
  A centaur skeleton (D:8)
  10 orc priests
  A bullfrog skeleton (D:8)
  A gnoll shaman (D:9)
  Jessica (D:2)
  3 iguanas
  28 orc wizards
  11 worker ants
  A worker ant zombie (D:11)
  13 adders
  20 gnolls
  A howler monkey skeleton (D:6)
  2 shadow imps
  2 white imps
  2 ufetubi
  An ooze (D:1)
  An adder zombie (D:6)
  4 adder skeletons
  2 worms
  5 dart slugs
  5 leopard geckos
  91 orcs
  6 bats
  4 giant cockroaches
  8 goblins
  5 hobgoblins
  6 jackals
  6 quokkas
  4 ball pythons
  4 frilled lizards
  A jackal zombie (D:6)
  9 kobolds
  A quokka zombie (D:6)
  29 rats
484 creatures vanquished.

Vanquished Creatures (collateral kills)
  A two-headed ogre (D:11)
  A centaur (D:11)
  A gnoll sergeant (Orc:2)
  A bullfrog (D:11)
  A howler monkey (D:9)
  An orc priest (Orc:1)
  A gnoll (Orc:2)
  2 orcs
9 creatures vanquished.

Vanquished Creatures (others)
  6 fungi (D:7)
  5 plants (D:7)
11 creatures vanquished.

Grand Total: 504 creatures vanquished

Notes
Turn   | Place    | Note
-------+----------+-------------------------------------------
     0 | D:1      | mandarbmax the Felid Venom Mage began the quest for the
                  | Orb.
     0 | D:1      | Reached XP level 1. HP: 7/7 MP: 4/4
   146 | D:1      | Reached skill level 3 in Dodging
   654 | D:1      | Reached XP level 2. HP: 11/11 MP: 0/6
   722 | D:1      | Learned a level 2 spell: Poisonous Vapours
  1193 | D:1      | Reached XP level 3. HP: 14/14 MP: 5/8
  1540 | D:1      | Learned a level 3 spell: Mephitic Cloud
  2064 | D:2      | Noticed Jessica
  2066 | D:2      | Killed Jessica
  2066 | D:2      | Reached XP level 4. HP: 18/18 MP: 4/9
  2117 | D:2      | Learned a level 3 spell: Ignite Poison
  2536 | D:2      | Reached skill level 4 in Dodging
  2883 | D:2      | Reached XP level 5. HP: 20/21 MP: 6/10
  2889 | D:2      | Killed from afar by an orc wizard
  2890 | D:2      | Reached XP level 4. HP: -2/18 MP: 6/9
  3608 | D:2      | Reached skill level 5 in Dodging
  4112 | D:3      | Reached XP level 5. HP: 21/21 MP: 7/10
  4159 | D:3      | Noticed Sigmund
  4162 | D:3      | Killed Sigmund
  4162 | D:3      | Reached skill level 6 in Dodging
  4162 | D:3      | Gained mutation: You are covered in thick fur. (AC +2)
                  | [Felid growth]
  4162 | D:3      | Reached XP level 6. HP: 24/24 MP: 2/11
  4827 | D:4      | Found an iron altar of Okawaru.
  5425 | D:4      | Reached skill level 5 in Poison Magic
  5739 | D:4      | Found a shadowy altar of Dithmenos.
  5807 | D:4      | Reached skill level 7 in Dodging
  5807 | D:4      | Reached XP level 7. HP: 27/27 MP: 0/12
  6612 | D:5      | Entered Level 5 of the Dungeon
  6759 | D:5      | Noticed Eustachio
  6811 | D:4      | Reached skill level 8 in Dodging
  6986 | D:5      | Found an ancient bone altar of Kikubaaqudgha.
  6987 | D:5      | Found a shimmering blue altar of Sif Muna.
  6997 | D:5      | Found an ornate altar of the Wu Jian Council.
  6998 | D:5      | Found a glowing silver altar of Zin.
  6999 | D:5      | Found a hide-covered altar of Uskayaw.
  6999 | D:5      | Found a broken altar of Ashenzari.
  7004 | D:5      | Became a worshipper of Kikubaaqudgha
  7224 | D:5      | Learned a level 2 spell: Corpse Rot
  7288 | D:5      | Found a basalt altar of Yredelemnul.
  7493 | D:5      | Found a staircase to the Ecumenical Temple.
  7507 | D:5      | Killed Eustachio
  7507 | D:5      | Reached skill level 9 in Dodging
  7507 | D:5      | Reached XP level 8. HP: 31/31 MP: 5/13
  7979 | D:5      | Found a white marble altar of Elyvilon.
  8204 | D:5      | Reached skill level 1 in Fighting
  8204 | D:5      | Reached skill level 1 in Necromancy
  8204 | D:5      | Reached skill level 1 in Air Magic
  8794 | D:6      | Mangled by an ogre
  8795 | D:6      | Reached XP level 7. HP: -10/29 MP: 1/12
  9432 | D:6      | Reached XP level 8. HP: 32/34 MP: 3/14
 10021 | D:6      | Reached * piety under Kikubaaqudgha
 10021 | D:6      | Identified Kikubaaqudgha's Compendium of Evil
                  | (Kikubaaqudgha gifted it to you on level 6 of the Dungeon)
 10021 | D:6      | Received a gift from Kikubaaqudgha
 10153 | D:6      | Learned a level 1 spell: Animate Skeleton
 11085 | D:6      | Learned a level 4 spell: Olgreb's Toxic Radiance
 11490 | D:7      | Reached skill level 5 in Spellcasting
 11490 | D:7      | Reached skill level 5 in Necromancy
 11490 | D:7      | Reached XP level 9. HP: 30/39 MP: 7/17
 11763 | D:7      | Found a blossoming altar of Fedhas.
 11833 | D:7      | Reached skill level 1 in Evocations
 11902 | D:7      | Reached skill level 1 in Unarmed Combat
 12106 | D:7      | Reached ** piety under Kikubaaqudgha
 12286 | D:7      | Noticed Prince Ribbit
 12297 | D:7      | Killed Prince Ribbit
 13038 | D:8      | Noticed Maurice
 13043 | D:8      | Killed Maurice
 13293 | D:8      | Noticed Grum
 13604 | D:7      | Reached XP level 10. HP: 42/42 MP: 9/18
 13630 | D:8      | Killed Grum
 13708 | D:8      | Noticed a two-headed ogre
 13722 | D:8      | Killed a two-headed ogre
 13722 | D:8      | Reached skill level 10 in Dodging
 14065 | D:8      | Reached *** piety under Kikubaaqudgha
 14065 | D:8      | Identified Kikubaaqudgha's Grimoire of Evil Arts
                  | (Kikubaaqudgha gifted it to you on level 8 of the Dungeon)
 14065 | D:8      | Received a gift from Kikubaaqudgha
 14254 | D:9      | Found a sparkling altar of Nemelex Xobeh.
 14652 | D:9      | Learned a level 4 spell: Animate Dead
 14871 | D:9      | Reached skill level 11 in Dodging
 15393 | D:8      | Noticed Gastronok
 15401 | D:8      | Killed Gastronok
 15401 | D:8      | Reached skill level 12 in Dodging
 15480 | D:8      | Reached XP level 11. HP: 46/46 MP: 11/22
 15576 | D:8      | Found a snail-covered altar of Cheibriados.
 16115 | D:10     | Entered Level 10 of the Dungeon
 16350 | D:10     | Reached **** piety under Kikubaaqudgha
 17562 | D:11     | Found a staircase to the Lair.
 17660 | D:11     | Learned a level 6 spell: Death Channel
 18059 | D:10     | Reached skill level 13 in Dodging
 18472 | D:11     | Noticed a flayed ghost
 18472 | D:11     | Noticed a cyan ugly thing
 18473 | D:11     | Noticed a tengu warrior
 18484 | D:11     | Noticed a two-headed ogre
 18494 | D:11     | Killed a two-headed ogre
 18686 | D:11     | Noticed a centaur warrior
 18706 | D:11     | Noticed a shining eye
 19211 | D:11     | Found a staircase to the Orcish Mines.
 19493 | D:11     | Noticed a sixfirhy
 19791 | Orc:1    | Entered Level 1 of the Orcish Mines
 19796 | Orc:1    | Reached skill level 14 in Dodging
 20031 | Orc:1    | Found Kionimio's Weapon Shoppe.
 20252 | Orc:1    | Reached ***** piety under Kikubaaqudgha
 20652 | Orc:1    | Noticed an orc knight
 21014 | Orc:1    | Killed an orc knight
 21618 | Orc:2    | Entered Level 2 of the Orcish Mines
 22069 | Orc:2    | Reached skill level 10 in Necromancy
 22089 | Orc:2    | Gained mutation: Your thick and shaggy fur keeps you warm.
                  | (AC +3, rC+) [Felid growth]
 22089 | Orc:2    | Reached XP level 12. HP: 33/49 MP: 0/23
 23021 | Orc:2    | Reached skill level 15 in Dodging
 24021 | Orc:2    | Shot with an arrow by a centaur
 24022 | Orc:2    | Reached XP level 11. HP: -5/46 MP: 0/23
 24030 | Orc:2    | Killed an orc knight
 24345 | Orc:2    | Reached skill level 5 in Stealth
 24703 | Orc:2    | Noticed an orc knight
 24717 | Orc:2    | Killed an orc knight
 25062 | Orc:2    | Found a staircase to the Elven Halls.
 25313 | Orc:2    | Found Amylam's Book Shop.
 25313 | Orc:2    | Found Push's Antique Weapon Shoppe.
 25315 | Orc:2    | Found Guptiam's Book Emporium.
 25317 | Orc:2    | Found Cyozocwu's Gadget Boutique.
 25329 | Orc:2    | Bought a condenser vane (2/2) for 300 gold pieces
 25331 | Orc:2    | Bought a Fen Folio for 975 gold pieces
 26021 | D:12     | Identified the Compendium of Earth and Enchantment
 26242 | D:12     | Noticed Fannar
 26249 | D:12     | Killed Fannar
 26285 | D:12     | Noticed a two-headed ogre
 26639 | D:12     | Killed a two-headed ogre
 26639 | D:12     | Reached XP level 12. HP: 49/49 MP: 14/26
 26709 | D:12     | Learned a level 5 spell: Agony
 26888 | D:12     | Noticed a two-headed ogre
 26908 | D:12     | Killed a two-headed ogre
 27421 | D:13     | Noticed a centaur warrior
 27699 | Lair:1   | Entered Level 1 of the Lair of Beasts
 27711 | Lair:1   | Found a gate leading to a gauntlet.
 27721 | Gauntlet | Entered a Gauntlet
 27721 | Gauntlet | Found a transporter.
 27724 | Gauntlet | Noticed a tengu warrior
 27730 | Gauntlet | Found a transporter.
 27733 | Gauntlet | Found a transporter.
 27734 | Gauntlet | Found a transporter.
 27742 | Gauntlet | Found a transporter.
 27745 | Gauntlet | Found a transporter.
 27746 | Gauntlet | Found a transporter.
 27748 | Gauntlet | Noticed a hell hog
 27754 | Gauntlet | Found a transporter.
 27757 | Gauntlet | Found a transporter.
 27758 | Gauntlet | Found a transporter.
 27769 | Gauntlet | Found a transporter.
 27770 | Gauntlet | Found a transporter.
 27776 | Gauntlet | Found a runed translucent gate.
 27776 | Gauntlet | Found a runed translucent gate.
 27776 | Gauntlet | Found a runed translucent gate.
 27778 | Gauntlet | Found a transporter.
 27802 | Gauntlet | Found a transporter.
 27868 | Gauntlet | Killed a tengu warrior
 27993 | Gauntlet | Reached ****** piety under Kikubaaqudgha
 27993 | Gauntlet | Reached skill level 5 in Fighting
 28129 | Gauntlet | Killed from afar by a hell hound

Illustrated notes

Levels and vault maps discovered:
D:1:      ebering_trefoil_3fold, layout_loops_ring
D:2:      layout_loops_corners, grunt_ministairs_8, minmay_rat_hole,
          uniq_jessica
D:3:      layout_rooms, uniq_sigmund
D:4:      layout_loops_corners, marbit_many_paths, overflow_temple_1_default,
          minmay_pentomino_pile
D:5:      layout_rooms, kennysheep_ying_yang, grunt_temple_overflow_open,
          temple_fountains, uniq_eustachio
D:6:      minmay_polygon_palace, layout_gridville, kennysheep_generic_room_8
D:7:      layout_gridville, fedhas_altar_3, uniq_prince_ribbit1
D:8:      layout_basic, slow_altar_2, chequers_serial_rivers_large_a,
          uniq_gastronok, uniq_grum, uniq_maurice
D:9:      layout_loops_cross, nicolae_overflow_crystal_walls, the_bakery
D:10:     layout_basic
D:11:     layout_irregular_city, lair_entry_dummy, orc_0_dummy,
          kennysheep_cross_room, onia_ninara_dug_in_and_dangerous
D:12:     layout_loops_ring, uniq_fannar
D:13:     layout_loops_ring, serial_ice, serial_ice_l, serial_ice_m,
          serial_ice_c, serial_ice_g, kennysheep_nub, minmay_orc_keep,
          uniq_kirke, uniq_urug
Lair:1:   layout_long_grid, gauntlet_entry_generic, serial_bayou_shore_b,
          grunt_megastairs_2, uniq_nergalle, uniq_erica
Orc:1:    layout_diamond_mine, serial_shops,
          nicolae_shop_temple_entry_statues_fountains
Orc:2:    st_orc_rangers, layout_diamond_mine
Gauntlet: gammafunk_gauntlet_77_escape_option [minmay_gauntlet_arena_77_braids,
          minmay_gauntlet_arena_77_terracotta_army,
          minmay_gauntlet_arena_77_mirror,
          minmay_gauntlet_arena_77_radiant_squares,
          minmay_gauntlet_arena_77_run_for_it, gauntlet_exit_hidden_loot]

Skill      XL: |  1  2  3  4  5  6  7  8  9 10 11 12 |
---------------+-------------------------------------+-----
Dodging        | 3 5 6 7 9 12 14 15 | 15.0
Stealth        | 3 6 4 |  6.0
Poison Magic   | 3 4 5 6 7 |  7.0
Spellcasting   | 3 5 7 9 |  9.0
Fighting       | 2 4 5 |  5.4
Necromancy     | 3 5 6 7 11 12 | 12.0
Air Magic      | 2 1 |  2.0
Evocations     | 4 |  4.0
Unarmed Combat | 4 |  4.0
Transmutations | |  1.1

Action                   |  1- 3 |  4- 6 |  7- 9 | 10-12 || total
-------------------------+-------+-------+-------+-------++-------
Melee: Unarmed           |    33 |    41 |   115 |   175 ||   364
       Bite              |     3 |     6 |    10 |    29 ||    48
       Punch             |       |       |     1 |     1 ||     2
 Cast: Sting             |    15 |    26 |       |       ||    41
       Poisonous Vapours |    18 |    59 |   150 |   314 ||   541
       Mephitic Cloud    |       |     3 |    39 |    80 ||   122
       Ignite Poison     |       |     1 |    51 |   141 ||   193
       Animate Skeleton  |       |       |    27 |    12 ||    39
       Olgreb's Toxic Ra |       |       |    10 |    48 ||    58
       Corpse Rot        |       |       |     2 |     1 ||     3
       Animate Dead      |       |       |       |    66 ||    66
       Agony             |       |       |       |     3 ||     3
       Death Channel     |       |       |       |     3 ||     3
Invok: Receive Corpses   |       |       |       |     1 ||     1
  Use: Scroll            |       |    10 |     6 |    14 ||    30
       Potion            |       |       |       |     4 ||     4
 Stab: Sleeping          |    12 |     4 |     3 |     1 ||    20
       Confused          |       |     1 |     2 |     5 ||     8
Armor: Skin              |     3 |     2 |    10 |    19 ||    34
Dodge: Dodged            |    26 |    51 |   195 |   349 ||   621

Table legend: (Time is in decaauts)
 A = Elapsed time spent in this place.
 B = Non-inter-level travel time spent in this place.
 C = Inter-level travel time spent in this place.
 D = Time resting spent in this place.
 E = Time spent auto-exploring this place.
 F = Levels seen in this place.
 G = Mean time per level.
                   A        B        C        D        E       F      G
               +--------+--------+--------+--------+--------+-----+--------+
         Total |  26278 |  25227 |   1051 |  12725 |   8868 |  17 | 1545.8 |
       Dungeon |  20762 |  19892 |    870 |   9494 |   7585 |  13 | 1597.1 |
          Lair |     17 |     17 |      0 |      0 |      0 |   1 |   17.0 |
  Orcish Mines |   5121 |   4941 |    180 |   3007 |   1178 |   2 | 2560.5 |
      Gauntlet |    377 |    377 |      0 |    223 |    104 |   1 |  377.0 |
               +--------+--------+--------+--------+--------+-----+--------+

Top non-repeatable levels by time:
   Orc:2: 2614 daAuts
    D:11: 2562 daAuts
   Orc:1: 2506 daAuts
     D:6: 2178 daAuts
     D:5: 2153 daAuts
     D:7: 1987 daAuts
     D:2: 1951 daAuts
     D:4: 1835 daAuts
    D:12: 1764 daAuts
    D:10: 1548 daAuts
     D:1: 1534 daAuts
     D:8: 1359 daAuts
     D:9: 953 daAuts
     D:3: 910 daAuts
Gauntlet: 377 daAuts
